 Dungeon Crawl Stone Soup version 0.20-a0-1020-g7b9e4fe (webtiles) character file.

810 Monsterracer the Cleaver (level 7, 0/88 HPs)
             Began as a Minotaur Berserker on Apr 18, 2017.
             Was a Priest of Trog.
             Slain by a river rat (5 damage)
             ... summoned by Eustachio
             ... on level 5 of the Dungeon.
             The game lasted 00:04:50 (3720 turns).

Monsterracer the Cleaver (Minotaur Berserker)       Turns: 3720, Time: 00:04:51

Health: 0/88       AC:  5    Str: 29      XL:     7   Next: 61%
Magic:  6/6        EV: 12    Int:  4      God:    Trog [***...]
Gold:   155        SH:  0    Dex:  7 (9)  Spells: 6/6 levels left

rFire    + . .     SeeInvis .   t - +0 war axe
rCold    + . .     Gourm    .   (no shield)
rNeg     . . .     Faith    .   k - +2 leather armour {rC+}
rPois    +         Spirit   .   (helmet restricted)
rElec    .         Reflect  .   (no cloak)
rCorr    .         Harm     .   (no gloves)
MR       .....                  (no boots)
Stlth    ..........             (no amulet)
Regen    0.3/turn               (no ring)
MPRegen  0.1/turn               (no ring)

@: berserking, very quick
A: retaliatory headbutt, horns 2, camouflage 1, fire resistance 1, poison
resistance, sturdy frame 1
a: Berserk, Trog's Hand, Burn Spellbooks, Renounce Religion


You were on level 5 of the Dungeon.
You worshipped Trog.
Trog was most pleased with you.
You were very hungry.

You visited 1 branch of the dungeon, and saw 5 of its levels.

You collected 155 gold pieces.

Inventory:

Hand Weapons
 t - a +0 war axe (weapon)
Armour
 k - a +2 leather armour of cold resistance (worn)
Jewellery
 a - a +3 amulet of reflection {unknown}
Scrolls
 b - 2 scrolls of fear {unknown}
 d - a scroll of blinking {unknown}
 e - 4 scrolls of remove curse {unknown}
 g - 2 scrolls of enchant armour {unknown}
 i - 4 scrolls of identify
 j - 4 scrolls of magic mapping {unknown}
 l - a scroll of noise {unknown}
 m - a scroll of fog {unknown}
 r - 3 scrolls of teleportation {unknown}
 s - 2 scrolls of amnesia {unknown}
Potions
 n - a potion of invisibility
 o - a potion of magic
 p - a potion of curing
 q - a potion of flight
Comestibles
 c - 5 bread rations
 f - 3 royal jellies
 h - 5 meat rations


   Skills:
 + Level 4.1 Fighting
 * Level 10.3 Axes
 + Level 3.1 Armour
 + Level 2.7 Dodging


You had 6 spell levels left.
You didn't know any spells.

Dungeon Overview and Level Annotations

Branches:
Dungeon (5/15)
 Temple: D:4-7

Altars:
Cheibriados
Uskayaw

Annotations:
D:5 Eustachio


Innate Abilities, Weirdness & Mutations

You reflexively headbutt those who attack you in melee.
You have a pair of horns on your head.
Your skin changes colour to match your surroundings (Stealth+).
Your flesh is heat resistant. (rF+)
Your system is resistant to poisons. (rPois)
Your movements are slightly less encumbered by armour. (ER -2)


Message History

You barely miss the white imp. The white imp gestures at you.
The puff of frost hits you! You resist.
* * * LOW HITPOINT WARNING * * *
Eustachio gestures wildly while chanting.
A red film seems to cover your vision as you go berserk!
You feel yourself moving faster!
You feel mighty!
You are feeling very hungry.
The white imp gestures at you. The puff of frost hits you! You resist.
* * * LOW HITPOINT WARNING * * *
The river rat bites you.
* * * LOW HITPOINT WARNING * * *
You closely miss the crimson imp. Your headbutt misses the crimson imp.
You hit the white imp. You hit the river rat. The white imp barely misses you.
Unknown command.
You hit the crimson imp but do no damage.
You hit the river rat but do no damage. You barely miss the white imp.
The crimson imp barely misses you. The river rat bites you.
You die...

#########
#####..(....@
#####(.r5r#
.......@5@#
#.#
###.#.###.#
#.# .. #.#
#.# #> #@#
#.# .. #.#
#.# ## # #5#
#.#
#..###.#####
##.#
#..........#
#(.#
#.####.###.##
#<##


You could see Eustachio, a crimson imp, a river rat, a white imp and a quokka.

Vanquished Creatures
  Sigmund (D:4)
  An orc warrior (D:3)
  An ogre (D:4)
  6 orc priests
  2 orc wizards
  A worker ant (D:4)
  4 gnolls (D:4)
  7 adders
  3 worms
  A dart slug (D:2)
  4 leopard geckos
  14 orcs
  3 ball pythons
  4 giant cockroaches
  5 goblins
  7 hobgoblins
  5 jackals
  2 quokkas
  11 bats
  5 frilled lizards
  6 kobolds
  7 rats
100 creatures vanquished.

Notes
Turn   | Place    | Note
-------+----------+-------------------------------------------
     0 | D:1      | Monsterracer the Minotaur Berserker began the quest for the Orb.
     0 | D:1      | Reached XP level 1. HP: 19/19 MP: 0/0
    31 | D:1      | Reached skill level 4 in Axes
   276 | D:1      | Reached XP level 2. HP: 22/26 MP: 1/1
   623 | D:1      | Gained mutation: Your movements are slightly less encumbered by armour. (ER -2) [potion of mutation]
   623 | D:1      | Gained mutation: Your skin changes colour to match your surroundings (Stealth+). [potion of mutation]
   623 | D:1      | Gained mutation: Your system is resistant to poisons. (rPois) [potion of mutation]
   623 | D:1      | Gained mutation: Your flesh is heat resistant. (rF+) [potion of mutation]
   765 | D:1      | Reached skill level 5 in Axes
   901 | D:2      | Reached XP level 3. HP: 23/31 MP: 2/2
  1078 | D:2      | Reached ** piety under Trog
  1184 | D:2      | Found a snail-covered altar of Cheibriados.
  1321 | D:2      | Reached XP level 4. HP: 38/39 MP: 3/3
  1334 | D:2      | Reached skill level 6 in Axes
  1944 | D:3      | You fall through a shaft!
  2287 | D:3      | Noticed an orc warrior
  2288 | D:3      | Reached XP level 5. HP: 45/45 MP: 4/4
  2291 | D:3      | Reached skill level 7 in Axes
  2301 | D:3      | Killed an orc warrior
  2301 | D:3      | Reached skill level 8 in Axes
  2301 | D:3      | Reached XP level 6. HP: 51/51 MP: 5/5
  2719 | D:4      | Found a hide-covered altar of Uskayaw.
  2734 | D:4      | Noticed Sigmund
  2747 | D:4      | Killed Sigmund
  2747 | D:4      | Reached *** piety under Trog
  2747 | D:4      | Reached skill level 9 in Axes
  2751 | D:4      | Reached XP level 7. HP: 35/57 MP: 6/6
  2946 | D:4      | Reached skill level 10 in Axes
  3540 | D:5      | Entered Level 5 of the Dungeon
  3677 | D:5      | Noticed Eustachio
  3720 | D:5      | Slain by a river rat

Vault maps used:
D:1:      saegor_arrival_under_anarchy
D:2:      nicolae_overflow_hidden_temple, kennysheep_slug_shrine
D:3:      first_bread
D:4:      overflow_temple_1_default, uniq_sigmund
D:5:      minmay_temple_entry_butterflies, uniq_edmund, uniq_eustachio,
          uniq_duvessa, uniq_blork_the_orc

Skill      XL: |  1  2  3  4  5  6  7 |
---------------+----------------------+-----
Axes           | 4 5 6 8 9 10 | 10.3
Fighting       | 4 |  4.1
Armour         | 3 |  3.1
Dodging        | |  2.7

Action                   |  1- 3 |  4- 6 |  7- 9 || total
-------------------------+-------+-------+-------++-------
Melee: Hand axe          |    67 |   108 |    46 ||   221
       Headbutt          |     6 |    14 |    12 ||    32
       War axe           |       |       |    27 ||    27
Invok: Berserk           |       |     3 |     3 ||     6
       Trog's Hand       |       |     1 |       ||     1
  Use: Potion            |     5 |     4 |       ||     9
       Scroll            |       |     1 |       ||     1
 Stab: Sleeping          |     7 |     7 |     1 ||    15
  Eat: Chunk             |     1 |     7 |     6 ||    14
Armor: Animal skin       |    10 |     1 |       ||    11
       Leather armour    |       |    17 |    24 ||    41
       Ring mail         |       |     4 |       ||     4
Dodge: Dodged            |    52 |    53 |    59 ||   164
